 Dungeon Crawl Stone Soup version 0.32-a0-732-ga344392067 (webtiles) character file.

Game seed: 11756952523205877346

5425 cforsyth the Arsonist (level 10, -2/90 HPs)
             Began as a Mountain Dwarf Cinder Acolyte on Mar 16, 2024.
             Was a High Priest of Ignis.
             Slain by a two-headed ogre
             ... wielding a +0 giant spiked club
              (18 damage)
             ... on level 10 of the Dungeon.
             The game lasted 00:16:57 (12162 turns).

cforsyth the Arsonist (MDCA)                       Turns: 12162, Time: 00:16:58

Health: -2/90      AC: 19    Str: 24    XL:     10   Next: 40%
Magic:  7/18       EV: 21    Int: 22    God:    Ignis [*****.]
Gold:   708        SH:  0    Dex:  8    Spells: 18/20 levels left

rFire   + . .        K - +9 spear of Luneh {elec, *Noise Str+4 Stlth+}
rCold   . . .        (no shield)
rNeg    + . .        p - +0 plate armour
rPois   .            q - +1 helmet
rElec   .            (no cloak)
rCorr   .            m - +2 pair of gloves {Dex+3}
SInv    .            (no boots)
Will    +....        d - amulet of the acrobat Stlth
                     N - ring of positive energy
HPRegen 0.35/turn    I - +6 ring of intelligence
MPRegen 0.16/turn

%: acrobat
@: acrobatic, hasted, very quick
A: runic magic, artefact enchanting
a: Renounce Religion, Fiery Armour, Foxfire Swarm, Rising Flame


You were on level 10 of the Dungeon.
You worshipped Ignis.
Ignis was extremely pleased with you.
You visited 1 branch of the dungeon, and saw 10 of its levels.
You also visited: Ossuary.

You collected 708 gold pieces.


Innate Abilities, Weirdness & Mutations

Your spellcasting is much less encumbered by armour.
You can use scrolls of enchantment on lesser artefacts.


   Skills:
 + Level 8.4 Fighting
 + Level 9.1 Axes
 + Level 7.5 Armour
 + Level 5.8 Spellcasting
 + Level 9.2 Fire Magic


You had 18 spell levels left.
You knew the following spells:

 Your Spells              Type           Power      Damage    Failure   Level
X - Scorch                Fire           92%        2d8       1%          2

Your spell library contained the following spells:

 Spells                   Type           Power      Damage    Failure   Level
 Summon Small Mammal      Summ           24%        N/A       19%         1
 Ensorcelled Hibernation  Hex/Ice        12%        N/A       26%         2
 Static Discharge         Conj/Air       12%        3-4/arc   26%         2
 Fugue of the Fallen      Necr           6%         N/A       47%         3
 Tukima's Dance           Hex            6%         N/A       47%         3
 Airstrike                Air            3%         2d(1-17)  87%         4
 Anguish                  Hex/Necr       3%         N/A       87%         4
 Summon Lightning Spire   Summ/Air       6%         N/A       87%         4
 Malign Gateway           Summ/Tloc      3%         N/A       100%        7
 Summon Hydra             Summ           3%         N/A       100%        7
 Summon Horrible Things   Summ           3%         N/A       100%        8
 Dragon's Call            Summ           3%         N/A       100%        9

Inventory:

Hand Weapons
 a - a +0 hand axe of flaming
 k - a +0 battleaxe
 t - the +5 whip "Inku" {antimagic, Dex+2}
   (You found it on level 6 of the Dungeon)

   Dex+2:     It affects your dexterity (+2).
 K - the +9 spear of Luneh (weapon) {elec, *Noise Str+4 Stlth+}
   (You took it off a kobold brigand on level 8 of the Dungeon)

   Str+4:     It affects your strength (+4).
   *Noise:    It may make a loud noise when swung.
   Stlth+:    It makes you more stealthy.
 L - the +1 short sword of Poqoq {flame, ^Fragile rElec rC++}
   (You took it off a kobold on level 8 of the Dungeon)

   rC++:      It greatly protects you from cold.
   rElec:     It insulates you from electricity.
   ^Fragile:  It will be destroyed if unequipped.
 O - a +4 scimitar of flaming
Armour
 m - a +2 pair of gloves of dexterity (worn)
 p - a +0 plate armour (worn)
 q - a +1 helmet (worn)
 u - a +0 pair of boots
Magical Staves
 E - a staff of alchemy {!a}
Jewellery
 d - an amulet of the acrobat (around neck)
 I - a +6 ring of intelligence (right hand)
 N - a ring of positive energy (left hand)
Wands
 w - a wand of paralysis (13)
 A - a wand of iceblast (1)
 F - a wand of mindburst (21)
 P - a wand of digging (2)
 Q - a wand of flame (3)
Scrolls
 b - a scroll of enchant weapon
 e - a scroll of teleportation {@r2}
 f - a scroll of poison {unknown}
 i - 2 scrolls of amnesia
 n - a scroll of butterflies {unknown}
 s - 3 scrolls of fog {unknown}
 v - a scroll of torment {unknown}
 y - a scroll of vulnerability {unknown}
 C - a scroll of silence {unknown}
 D - 3 scrolls of noise {unknown}
 G - 2 scrolls of revelation {unknown}
Potions
 c - 3 potions of heal wounds {@q2}
 g - a potion of might {unknown}
 h - 2 potions of enlightenment
 j - 2 potions of lignification
 l - a potion of curing {@q1}
 o - 4 potions of brilliance
 r - a potion of degeneration {unknown}
 x - 2 potions of haste {@q3}
 z - 2 potions of berserk rage {!q}
 B - a potion of mutation {unknown}
 H - 2 potions of magic
 J - a potion of attraction {unknown}
Miscellaneous
 M - a phial of floods
 R - a condenser vane

Dungeon Overview and Level Annotations

Branches:
Dungeon (10/15)            Temple (0/1) D:6             Orc (0/2) D:9
Ossuary (visited)
   Lair: D:8-11

Altars:
Cheibriados
Elyvilon
Fedhas
Okawaru
Qazlal
Sif Muna
Trog
Vehumet
Wu Jian
Xom
Zin

Shops:
D:1 !   D:8 (   D:10 =

Annotations:
D:4 Edmund
D:5 exclusion: statue

▒..# ...
... ..# #.#
. #o# ..
#)# ... #O#
... ##@#
... #..#
.####.
#.######.
...#..
#.##.....
#....
##....#
#....
#...#####.
.....
#.........
#..
##.........
######
#..........
....#÷


You could see a two-headed ogre (combustible) and an orc warrior.


Message History

Flames lash the orc warrior but do no damage.
Flames lash the two-headed ogre.
The two-headed ogre is moderately wounded.
The two-headed ogre's fire resistance burns away.
The two-headed ogre hits you with a +0 giant spiked club!
The two-headed ogre hits you with a +0 giant spiked club!!
* * * LOW HITPOINT WARNING * * *
You are too injured to fight recklessly!
You are too injured to fight recklessly!
You are too injured to fight recklessly!
You are too injured to fight recklessly!
You are too injured to fight recklessly!
Unknown command.
You are too injured to fight recklessly!
You are too injured to fight recklessly!
Unknown command.
You hit the two-headed ogre.
The two-headed ogre is moderately wounded.
The two-headed ogre hits you with a +0 giant spiked club!
* * * LOW HITPOINT WARNING * * *
The two-headed ogre hits you with a +0 giant spiked club.
* * * LOW HITPOINT WARNING * * *
Unknown command.
Unknown command.
You feel yourself speed up.
Unknown command.
The two-headed ogre attacks as it pursues you!
The two-headed ogre hits you with a +0 giant spiked club!!
You die...
Ignis goes out, and joins you in death.

Skill      XL: |  1  2  3  4  5  6  7  8  9 10 |
---------------+-------------------------------+-----
Armour         | 1 2 3 4 5 7 |  7.5
Axes           | 4 5 6 7 8 9 |  9.1
Fire Magic     | 4 5 6 7 8 9 |  9.2
Fighting       | 4 5 6 8 |  8.4
Spellcasting   | 2 3 4 5 |  5.8

Action                     |  1- 3 |  4- 6 |  7- 9 | 10-12 || total
---------------------------+-------+-------+-------+-------++-------
  Melee: Hand axe          |   124 |    22 |   263 |       ||   409
         Spear             |       |       |    69 |    59 ||   128
   Cast: Scorch            |     8 |    48 |   145 |    57 ||   258
  Evoke: Wand              |       |     1 |     2 |       ||     3
    Use: Scroll            |       |     2 |     6 |     4 ||    12
         Potion            |       |       |     3 |     1 ||     4
   Stab: Paralysed         |       |     3 |       |       ||     3
 Armour: Robe              |    72 |       |       |       ||    72
         Plate armour      |       |    49 |   406 |   162 ||   617
  Dodge: Dodged            |    94 |    14 |   117 |    60 ||   285

Levels and vault maps discovered:
D:1:      lemuel_arrival_funnel, layout_basic, serial_shops, shop_fountains
D:2:      layout_basic, basic_altar, serial_bayou_pond_b, amethyst_killhole,
          kennysheep_flooded_box
D:3:      layout_loops_cross, amethyst_overflow_temple_binary,
          minmay_misc_feat_four_crosses, minmay_cut_off
D:4:      nicolae_BIG_FREAKIN_CUBE, layout_basic,
          nicolae_overflow_crystal_walls, uniq_edmund
D:5:      layout_basic, vehumet_statue, overflow_temple_1_default,
          nicolae_fountain_basement
D:6:      layout_basic, xom_butterflies, mainiacjoe_overflow_boulevard,
          minmay_temple_entry_trees
D:7:      layout_gridville, amcnicky_altar_gilded,
          mainiacjoe_overflow_small_starburst, nicolae_ossuary_entry_monument,
          grunt_decor_mini_mirrors
D:8:      layout_cave_pods, pf_just_have_faith, serial_shops, shop_statue
D:9:      minmay_weird_star, layout_gridville, hiddenorc1_lemuel, uniq_erica
D:10:     lemuel_slime, layout_rooms, riverfiend_overflow_shadow_ancestor,
          lemuel_tele_altar, serial_shops, nicolae_shop_gibbet_a_chance,
          minivault_26, uniq_harold

Notes
Turn   | Place    | Note
-------+----------+-------------------------------------------
     0 | D:1      | cforsyth the Mountain Dwarf Cinder Acolyte began the quest
                  | for the Orb.
     0 | D:1      | Reached XP level 1. HP: 19/19 MP: 2/2
   133 | D:1      | Found Fucon's Distillery.
   248 | D:1      | Reached XP level 2. HP: 24/26 MP: 3/3
  1103 | D:1      | Reached skill level 1 in Armour
  1442 | D:2      | Reached skill level 4 in Axes
  1536 | D:2      | Reached XP level 3. HP: 31/31 MP: 5/5
  1666 | D:2      | Reached skill level 4 in Fire Magic
  1739 | D:2      | Learned a level 2 spell: Scorch
  1771 | D:2      | Found a snail-covered altar of Cheibriados.
  2065 | D:2      | Reached XP level 4. HP: 40/40 MP: 1/6
  3284 | D:3      | Found a bloodstained altar of Trog.
  3291 | D:3      | Found an iron altar of Okawaru.
  3513 | D:4      | Noticed a black bear
  3527 | D:4      | Noticed a black bear
  3532 | D:3      | Reached skill level 4 in Fighting
  3609 | D:4      | Reached skill level 2 in Armour
  3609 | D:4      | Reached XP level 5. HP: 7/46 MP: 0/7
  3795 | D:4      | Reached skill level 2 in Spellcasting
  4080 | D:4      | Noticed Edmund
  4214 | D:4      | Found a stormy altar of Qazlal.
  4247 | D:4      | Noticed an ogre
  4255 | D:4      | Killed an ogre
  4256 | D:4      | Reached skill level 5 in Axes
  4256 | D:4      | Reached XP level 6. HP: 22/53 MP: 0/9
  4402 | D:4      | Reached skill level 5 in Fire Magic
  4525 | D:4      | Reached skill level 3 in Armour
  4647 | D:4      | Reached XP level 7. HP: 60/60 MP: 3/11
  4850 | D:5      | Entered Level 5 of the Dungeon
  4942 | D:5      | Found a glowing silver altar of Zin.
  4966 | D:5      | Reached skill level 5 in Fighting
  5189 | D:5      | Reached skill level 3 in Spellcasting
  5501 | D:5      | Found a radiant altar of Vehumet.
  5770 | D:6      | Found a staircase to the Ecumenical Temple.
  5774 | D:6      | Identified the +5 whip "Inku" {antimagic, Dex+2}
  5816 | D:6      | Reached skill level 4 in Armour
  5922 | D:6      | Found a shimmering altar of Xom.
  5947 | D:6      | Reached skill level 6 in Axes
  5947 | D:6      | Reached skill level 6 in Fire Magic
  5956 | D:6      | Reached XP level 8. HP: 41/69 MP: 2/13
  6403 | D:6      | Found a white marble altar of Elyvilon.
  6815 | D:7      | Found an ornate altar of the Wu Jian Council.
  6849 | D:7      | Reached skill level 6 in Fighting
  6967 | D:7      | Found a shimmering blue altar of Sif Muna.
  7274 | D:7      | Reached skill level 5 in Armour
  7274 | D:7      | Reached skill level 4 in Spellcasting
  7367 | D:7      | Found a sand-covered staircase.
  7372 | D:7      | Got the Anthology of Spawned Curses
  7386 | Ossuary  | Entered an ossuary
  7460 | Ossuary  | Reached skill level 7 in Fire Magic
  7574 | Ossuary  | Reached skill level 7 in Axes
  7776 | Ossuary  | Reached XP level 9. HP: 76/78 MP: 15/15
  7986 | D:7      | Noticed a troll
  7991 | D:7      | Killed a troll
  8120 | D:8      | Found Naoshyo's Antique Weapon Boutique.
  8458 | D:8      | Reached skill level 7 in Fighting
  8715 | D:8      | Reached skill level 6 in Armour
  8749 | D:8      | Found a blossoming altar of Fedhas.
  8772 | D:8      | Identified the +9 spear of Luneh {elec, *Noise Str+4
                  | Stlth+}
  8773 | D:8      | Identified the +1 short sword of Poqoq {flame, ^Fragile
                  | rElec rC++}
  8774 | D:8      | Paralysed by a kobold brigand for 4 turns
  8952 | D:8      | Paralysed by a kobold brigand for 3 turns
  9456 | D:8      | Reached skill level 8 in Axes
  9456 | D:8      | Reached skill level 8 in Fire Magic
  9685 | D:9      | Reached skill level 5 in Spellcasting
  9851 | D:9      | Noticed Erica
 10330 | D:9      | HP: 3/81 [poisoned by Erica (bolt of poison)]
 10334 | D:9      | Killed Erica
 10335 | D:9      | Reached skill level 8 in Fighting
 10335 | D:9      | Reached skill level 7 in Armour
 10335 | D:9      | Reached XP level 10. HP: 7/88 MP: 5/18
 11082 | D:8      | Reached skill level 9 in Axes
 11082 | D:8      | Reached skill level 9 in Fire Magic
 11532 | D:9      | Found a staircase to the Orcish Mines.
 11595 | D:9      | Noticed a two-headed ogre
 11727 | D:10     | Entered Level 10 of the Dungeon
 11769 | D:10     | Found Vayps's Jewellery Shop.
 12145 | D:10     | Noticed a two-headed ogre
 12162 | D:10     | Slain by a two-headed ogre

Vanquished Creatures
  Erica (D:9)
  A troll (D:7)
  A water moccasin (D:9)
  2 acid dragons (D:10)
  2 ogres
  An ice beast (D:5)
  3 orc warriors
  4 black bears
  2 sky beasts (D:7)
  3 centaurs
  4 kobold brigands
  3 elf zombies (Ossuary)
  6 bullfrogs
  2 scorpions
  5 wights
  12 killer bees
  A howler monkey (D:9)
  3 centaur zombies (Ossuary)
  2 jellies (D:4)
  4 hounds
  A human zombie (Ossuary)
  A gnoll bouda (D:4)
  5 orc priests
  3 sleepcaps
  An iguana (D:5)
  9 orc wizards
  4 hound zombies (Ossuary)
  2 mummies (Ossuary)
  3 gnolls
  10 adders
  5 adder zombies (Ossuary)
  2 ribbon worms
  38 orcs
  3 endoplasms
  4 giant cockroaches
  8 gnoll zombies (Ossuary)
  6 goblins
  3 hobgoblins
  2 jackals (D:1)
  4 quokkas
  6 ball pythons
  6 bats
  2 frilled lizards
  2 jackal zombies (Ossuary)
  21 kobolds
  5 kobold zombies (Ossuary)
  6 orc zombies (Ossuary)
  4 rats
228 creatures vanquished.

Table legend: (Time is in decaauts)
 A = Elapsed time spent in this place.
 B = Non-inter-level travel time spent in this place.
 C = Inter-level travel time spent in this place.
 D = Time resting spent in this place.
 E = Time spent auto-exploring this place.
 F = Levels seen in this place.
 G = Mean time per level.
                   A        B        C        D        E       F      G
               +--------+--------+--------+--------+--------+-----+--------+
         Total |  12187 |  11854 |    333 |   1681 |   8150 |  11 | 1107.9 |
       Dungeon |  11703 |  11370 |    333 |   1681 |   7947 |  10 | 1170.3 |
       Ossuary |    483 |    483 |      0 |      0 |    203 |   1 |  483.0 |
               +--------+--------+--------+--------+--------+-----+--------+

Top non-repeatable levels by time:
     D:9: 1966 daAuts
     D:3: 1526 daAuts
     D:8: 1513 daAuts
     D:1: 1409 daAuts
     D:2: 1129 daAuts
     D:7: 1096 daAuts
     D:5: 916 daAuts
     D:6: 903 daAuts
     D:4: 804 daAuts
 Ossuary: 483 daAuts
    D:10: 437 daAuts

Table legend:
 A = Non-vault XP
 B = Vault XP
 C = Vault XP percentage of total XP
 D = Non-vault monster count
 E = Vault monster count
 F = Vault count percentage of total count
                 A         B        C        D         E       F
            +---------+---------+-------+---------+---------+-------
      Total |    5934 |    1817 |  23.4 |     167 |      61 |  26.8
            +---------+---------+-------+---------+---------+-------
        D:1 |      32 |       0 |   0.0 |      21 |       0 |   0.0
        D:2 |      51 |      16 |  23.9 |      16 |       3 |  15.8
        D:3 |      67 |       5 |   6.9 |      12 |       2 |  14.3
        D:4 |     576 |       0 |   0.0 |      16 |       0 |   0.0
        D:5 |     418 |       0 |   0.0 |      12 |       0 |   0.0
        D:6 |     408 |       0 |   0.0 |       6 |       0 |   0.0
        D:7 |    1044 |       0 |   0.0 |      20 |       0 |   0.0
        D:8 |    1048 |       0 |   0.0 |      19 |       0 |   0.0
        D:9 |    1675 |    1141 |  40.5 |      30 |      17 |  36.2
       D:10 |     615 |       0 |   0.0 |      15 |       0 |   0.0
    Ossuary |       0 |     655 | 100.0 |       0 |      39 | 100.0
            +---------+---------+-------+---------+---------+-------
